 Dungeon Sprint DCSS version 0.23-a0-488-g5fd82c5 (webtiles) character file.

290 JosiahThimblerig the Martial Artist (level 6, 0/38 HPs)
             Began as an Octopode Transmuter on Nov 29, 2018.
             Was an Initiate of Wu Jian.
             Slain by a slime creature (14 damage)
             ... in the Dungeon (Sprint I: "Red Sonja") on Dec 1, 2018.
             The game lasted 00:10:19 (374 turns).

JosiahThimblerig the Martial Artist (OpTm)           Turns: 374, Time: 00:10:20

Health: 0/38       AC:  1    Str: 11    XL:     6   Next: 32%
Magic:  12/13      EV: 15    Int: 16    God:    Wu Jian [......]
Gold:   162        SH:  0    Dex: 12    Spells: 14/15 levels left

rFire    . . .     SeeInvis .     - Unarmed
rCold    . . .     Gourm    .   (no shield)
rNeg     . . .     Faith    .   (helmet restricted)
rPois    .         Spirit   .   (no amulet)
rElec    .         Reflect  .   (no ring)
rCorr    .         Harm     .   (no ring)
MR       .....     NoTele   +   (no ring)
Stlth    +++.......             (no ring)
HPRegen  0.12/turn              (no ring)
MPRegen  0.13/turn              (no ring)
                                (no ring)
                                (no ring)

@: appendage
A: almost no armour, stealthy swim, amphibious, 8 rings, constrict 8, tentacle
spike 3, camouflage 1, gelatinous body 1
a: End Transformation, Renounce Religion


You were in the Dungeon.
You worshipped Wu Jian.
Wu Jian was noncommittal.
You were not hungry.
One of your tentacles had a temporary spike.
You visited 1 branch You collected 162 gold pieces.

Inventory:

Hand Weapons
 j - a +0 dagger
 m - a +0 giant club
 n - a +0 scythe
Missiles
 a - 12 arrows
Armour
 k - a +0 ring mail
 o - a +0 robe
 q - a +0 plate armour
Wands
 p - a wand of iceblast (7)
Scrolls
 i - a scroll of blinking
Potions
 b - a potion of degeneration {unknown}
 d - a potion of curing
 f - a potion of haste
 g - 2 potions of magic
 h - a potion of berserk rage
Comestibles
 c - a ration
 l - a chunk of flesh


   Skills:
 + Level 1.4 Fighting
 + Level 5.2 Dodging
 + Level 4.0 Stealth
 + Level 9.6 Unarmed Combat
 + Level 5.0 Spellcasting
 + Level 4.6 Transmutations


You had 14 spell levels left.
You knew the following spells:

 Your Spells              Type           Power        Failure   Level  Hunger
a - Beastly Appendage     Tmut           ###...       2%          1    None

Your spell library contained the following spells:

 Spells                   Type           Power        Failure   Level  Hunger
 Sticks to Snakes         Tmut           ###.....     3%          2    #......
 Spider Form              Tmut/Pois      ##........   19%         3    ###....
 Ice Form                 Ice/Tmut       ##......     52%         4    ####...
 Blade Hands              Tmut           ###.......   54%         5    ######.


Dungeon Overview and Level Annotations

Branches:
Dungeon (1/1)

Altars:
Makhleb
Sif Muna
Vehumet
Wu Jian
Xom
Jiyva
Lugonu


Innate Abilities, Weirdness & Mutations

You cannot wear most types of armour.
You are very stealthy in the water. (Stealth+)
You are amphibious.
You can wear up to eight rings at the same time.
You can use your tentacles to constrict eight enemies at once.
Your skin changes colour to match your surroundings (Stealth+).
Your rubbery body absorbs attacks. (AC +1, EV +1)
One of your tentacles bears a large vicious spike.


Message History

There is an open door here.
You open the door.
There is an open door here.
Casting: Beastly Appendage (safe; 2% risk of failure)
Confirm with . or Enter, or press ? or * to list all spells.
You extend your transformation's duration.
The slime creature hits you!
You bludgeon the slime creature!
You pierce the slime creature.
You squeeze the slime creature.
The slime creature is moderately wounded.
The slime creature hits you!!
Ouch! That really hurt!
* * * LOW HITPOINT WARNING * * *
Unknown command.
You feel much better. The slime creature hits you!!
You bludgeon the slime creature!
You pierce the slime creature.
Your squeeze misses the slime creature.
The slime creature is heavily wounded.
The slime creature hits you!
You die...

###################
#<.#..÷..#..'..#__#
#..'..#..'..#..@J.+
#..#####'#####'#__#
#..# #..# #.####
#..# #### ##.# #..#
#+#_.+ #⌠⌠# +..._#
#### #_.#+# ##+#


You could see a slime creature.

Vanquished Creatures
  Sigmund (D)
  An ogre (D)
  A jelly (D)
  Ijyb (D)
4 creatures vanquished.

Vanquished Creatures (others)
  A gargoyle (D)
1 creature vanquished.

Grand Total: 5 creatures vanquished

Notes
Turn   | Place    | Note
-------+----------+-------------------------------------------
     0 | D        | JosiahThimblerig the Octopode Transmuter began the quest
                  | for the Orb.
     0 | D        | Reached XP level 1. HP: 13/13 MP: 3/3
     1 | D        | Noticed Ijyb
    16 | D        | Killed Ijyb
    16 | D        | Reached skill level 1 in Stealth
    16 | D        | Reached skill level 5 in Unarmed Combat
    16 | D        | Reached XP level 2. HP: 9/18 MP: 3/5
    16 | D        | Reached XP level 3. HP: 11/23 MP: 4/7
    22 | D        | Upgraded the game from 0.23-a0-481-g60b89c1 to
                  | 0.23-a0-488-g5fd82c5
   159 | D        | Killed a gargoyle
   279 | D        | Noticed an ogre
   286 | D        | Killed an ogre
   286 | D        | Reached skill level 7 in Unarmed Combat
   286 | D        | Reached XP level 4. HP: 28/28 MP: 6/9
   321 | D        | Noticed Sigmund
   328 | D        | Killed Sigmund
   328 | D        | Reached skill level 5 in Dodging
   328 | D        | Reached skill level 9 in Unarmed Combat
   328 | D        | Reached XP level 5. HP: 33/33 MP: 9/12
   328 | D        | Reached XP level 6. HP: 38/38 MP: 9/13
   341 | D        | Found a burning altar of Makhleb.
   341 | D        | Found a viscous altar of Jiyva.
   341 | D        | Found a shimmering altar of Xom.
   341 | D        | Found a corrupted altar of Lugonu.
   341 | D        | Noticed a slime creature
   343 | D        | Found an ornate altar of the Wu Jian Council.
   343 | D        | Found a deep blue altar of Sif Muna.
   345 | D        | Found a radiant altar of Vehumet.
   352 | D        | Reached skill level 5 in Spellcasting
   355 | D        | Became a worshipper of the Wu Jian Council
   374 | D        | Slain by a slime creature

Vault maps used:
D:        dungeon_sprint_1

Skill      XL: |  1  2  3  4  5  6 |
---------------+-------------------+-----
Dodging        | 3 4 5 |  5.2
Stealth        | 1 2 3 4 |  4.0
Unarmed Combat | 5 7 9 |  9.6
Spellcasting   | 3 4 5 |  5.0
Transmutations | 3 4 |  4.6
Fighting       | |  1.4

Action                   |  1- 3 |  4- 6 || total
-------------------------+-------+-------++-------
Melee: Unarmed           |    19 |     7 ||    26
       Tentacles         |     2 |     2 ||     4
       Constrict         |     1 |     1 ||     2
       Kick              |     4 |     3 ||     7
 Cast: Beastly Appendage |     1 |     3 ||     4
  Use: Potion            |       |     1 ||     1
 Stab: Sleeping          |     1 |     2 ||     3
Armor: Skin              |     1 |       ||     1
Dodge: Dodged            |     8 |     2 ||    10

Table legend:
 A = Non-vault XP
 B = Vault XP
 C = Vault XP percentage of total XP
 D = Non-vault monster count
 E = Vault monster count
 F = Vault count percentage of total count
                 A         B        C        D         E       F
            +---------+---------+-------+---------+---------+-------
      Total |       0 |     415 | 100.0 |       0 |       4 | 100.0
            +---------+---------+-------+---------+---------+-------
          D |       0 |     415 | 100.0 |       0 |       4 | 100.0
            +---------+---------+-------+---------+---------+-------
